 Dungeon Crawl Stone Soup version 0.31-a0-486-g8d68a81214 (webtiles) character file.

Game seed: 4502470598533726808

17433 LobsterGuardian the Cleaver (level 12, -4/112 HPs)
             Began as a Hill Orc Monk on Aug 7, 2023.
             Was an Elder of Beogh.
             Slain by a sixfirhy (7 damage)
             ... summoned by an orc high priest
             ... on level 2 of the Orcish Mines.
             The game lasted 00:35:49 (13381 turns).

LobsterGuardian the Cleaver (Hill Orc Monk)        Turns: 13381, Time: 00:35:49

Health: -4/112     AC: 14    Str: 19    XL:     12   Next: 48%
Magic:  29/29      EV: 12    Int: 10    God:    Beogh [****..]
Gold:   1293       SH:  5    Dex: 13    Spells: 11/11 levels left

rFire   + . .        k - +1 hand axe (flame)
rCold   . . .        d - orb {light}
rNeg    . . .        h - +3 scale mail {rF+}
rPois   .            (no helmet)
rElec   .            (no cloak)
rCorr   .            u - +0 pair of gloves
SInv    .            x - +0 pair of boots
Will    .....        t - amulet of reflection Stlth
                     v - ring of magical power
HPRegen 0.38/turn    (no ring)
MPRegen 0.21/turn

%: reflection
@: silenced (expiring), glowing
A: no striking features
a: Renounce Religion


You were on level 2 of the Orcish Mines.
You worshipped Beogh.
Beogh was greatly pleased with you.
You visited 4 branches of the dungeon, and saw 15 of its levels.

You collected 1293 gold pieces.

Inventory:

Hand Weapons
 k - a +1 hand axe of flaming (weapon)
Missiles
 b - a throwing net
Armour
 a - a +0 pair of boots
 d - an orb of light (worn)
 h - a +3 scale mail of fire resistance (worn)
 j - the +2 ring mail "Lugeq" {rPois}
   (You found it on level 2 of the Dungeon)

   rPois:     It protects you from poison.
 q - a +0 crystal plate armour
 u - a +0 pair of gloves (worn)
 x - a +0 pair of boots (worn)
Jewellery
 t - an amulet of reflection (around neck)
 v - a ring of magical power (left hand)
 y - a ring of willpower
 F - a ring of resist corrosion
Wands
 n - a wand of flame (12)
 E - a wand of digging (1)
Scrolls
 e - 3 scrolls of torment
 i - 7 scrolls of teleportation
 m - 3 scrolls of blinking
 p - a scroll of amnesia
 s - a scroll of revelation
 w - a scroll of poison
 B - 3 scrolls of vulnerability
 G - a scroll of identify
Potions
 f - 4 potions of enlightenment
 l - 5 potions of lignification
 o - a potion of brilliance
 r - 3 potions of invisibility
 C - a potion of degeneration
 D - a potion of attraction


   Skills:
 + Level 12.1 Fighting
 - Level 14.0 Axes
 + Level 10.1 Armour
 + Level 5.7 Dodging
 - Level 1.0 Stealth
 * Level 11.8 Invocations


You had 11 spell levels left.
You didn't know any spells.
Your spell library contained the following spells:

 Spells                   Type           Power      Damage    Failure   Level
 Necrotise                Necr           0%         1d4       67%         1
 Slow                     Hex            0%         N/A       67%         1
 Ensorcelled Hibernation  Hex/Ice        0%         N/A       80%         2
 Momentum Strike          Conj/Tloc      0%         3d8       80%         2
 Poisonous Vapours        Pois/Air       0%         N/A       80%         2
 Confusing Touch          Hex            0%         N/A       95%         3
 Inner Flame              Hex/Fire       0%         N/A       95%         3
 Mephitic Cloud           Conj/Pois/Air  0%         N/A       95%         3
 Stone Arrow              Conj/Erth      0%         3d7       95%         3
 Vampiric Draining        Necr           0%         2d6       95%         3
 Anguish                  Hex/Necr       0%         N/A       100%        4
 Cause Fear               Hex            0%         N/A       100%        4
 Flame Wave               Conj/Fire      0%         2d4       100%        4
 Sticky Flame             Conj/Fire      0%         2d3       100%        4
 Agony                    Necr           0%         N/A       100%        5
 Fireball                 Conj/Fire      0%         3d3       100%        5
 Freezing Cloud           Conj/Ice/Air   0%         6-21      100%        5
 Iskenderun's Battlesphe  Conj           0%         2d6       100%        5
 Summon Mana Viper        Hex/Summ       0%         N/A       100%        5
 Yara's Violent Unravell  Hex/Tmut       0%         3d3       100%        5
 Conjure Ball Lightning   Conj/Air       0%         3x3d6     100%        6
 Enfeeble                 Hex            0%         N/A       100%        7
 Orb of Destruction       Conj           0%         9d5       100%        7
 Chain Lightning          Conj/Air       0%         N/A       100%        9


Dungeon Overview and Level Annotations

Branches:
Dungeon (11/15)            Temple (1/1) D:6            Lair (1/5) D:10
    Orc (2/2) D:9             Elf (0/3) Orc:2

Altars:
Ashenzari
Cheibriados
Dithmenos
Elyvilon
Fedhas
Gozag
Hepliaklqana
Kikubaaqudgha
Makhleb
Nemelex Xobeh
Okawaru
Qazlal
Ru
Sif Muna
Trog
Uskayaw
Vehumet
Wu Jian
Xom
Yredelemnul
Zin
The Shining One

Annotations:
D:7 1 runed translucent door, GiantSquids's ghost, novice OpSh
D:11 1 runed translucent door, pokeman's ghost, journeyman DEHW
Orc:1 2 transporters, Jyleaxt's ghost, journeyman AtFi


Message History

Your orc warrior hits something with a +0 long sword!
The orc knight hits your orc sorcerer with a +0 great sword!!
Your orc sorcerer dies!
Something barely misses your orc warrior.
The hellwing hits your orc warrior.
The hellwing hits your orc warrior but does no damage.
The orc high priest mumbles some strange prayers to Beogh against you.
Beogh smites you!
* * * LOW HITPOINT WARNING * * *
The sun demon hits your orc warrior!!
Your orc warrior dies!
Something hits the hellwing.
The orc knight hits your orc with a +0 great sword!!!
Your orc dies!
The hellwing swoops through the air toward your orc!
The hellwing hits your orc!
Your orc dies!
Unknown command.
Unknown command.
Your orc hits the sun demon but does no damage.
Unknown command.
Okay, then.
The sixfirhy barely misses you. Something misses your orc.
Your orc barely misses something.
Something barely misses your orc.
Unknown command.
Unknown command.
The sixfirhy completely misses you. The sixfirhy barely misses you.
The sixfirhy hits you but does no damage.
The sixfirhy hits you.
* * * LOW HITPOINT WARNING * * *
The sixfirhy shocks you!
* * * LOW HITPOINT WARNING * * *
Okay, then.
Okay, then.
The sixfirhy attacks as you move away!
The sixfirhy hits you but does no damage.
There is a stone staircase leading up here.
You block the sixfirhy's attack. The sixfirhy hits you!
You die...
Beogh appreciates the sixfirhy's killing of a heretic priest.

#o....#.......)......o^.....###
#.o..........................#
..o..........#...............#
o.o....#.....#......[........#
o.o##.......................##
o..#..........................
................#........#.....
.#........................#.#.#
.#...........#.3@........#..###
.......................##....
...........>..........###....
.............................
..........4........####......
..................#### .....
...##.....[.......##.## ....
o###.[..[....)...##...##....
##4o......[)).<..#.o........


You could see a hellwing (summoned) and a sixfirhy (summoned).

Vanquished Creatures
  Snorg (D:10)
  A boulder beetle (D:11)
  Erica (D:11)
  4 two-headed ogres
  A cyclops (D:11)
  2 slime creatures (D:11)
  A gargoyle (D:10)
  An unseen horror (D:11)
  A komodo dragon (Lair:1)
  3 trolls
  A shadow (D:9)
  Sigmund (D:3)
  5 wraiths (D:11)
  A wyvern (D:10)
  Grum (D:11)
  11 yaks
  4 vampire mosquitoes (D:9)
  Edmund (D:6)
  2 wargs (Orc:1)
  2 acid dragons
  2 sky beasts (D:7)
  An orc warrior (D:6)
  A black bear (D:6)
  2 ice beasts (D:8)
  5 ogres
  A wolf (D:11)
  2 centaurs
  2 phantoms (D:9)
  5 kobold brigands
  6 bullfrogs
  3 scorpions
  10 wights
  A troll zombie (D:9)
  4 killer bees (D:9)
  2 vampire bats (Orc:2)
  2 hounds (D:6)
  2 jellies
  6 orc priests
  2 sleepcaps
  2 gnoll boudas
  4 iguanas
  An orc wizard (D:4)
  5 ogre zombies (D:9)
  13 adders
  17 gnolls
  A shadow imp (D:5)
  2 white imps
  An ufetubus (D:5)
  A worm (D:5)
  3 dart slugs
  19 orcs
  6 endoplasms
  A giant cockroach (D:2)
  3 goblins (D:1)
  14 hobgoblins
  3 jackals (D:1)
  3 quokkas
  6 ball pythons
  13 bats
  8 frilled lizards
  A goblin skeleton (D:9)
  A goblin zombie (D:9)
  2 hobgoblin skeletons (D:9)
  A hobgoblin zombie (D:9)
  26 kobolds
  An orc skeleton (D:9)
  9 orc zombies (D:9)
  8 rats
279 creatures vanquished.

Vanquished Creatures (collateral kills)
  Josephine (D:11)
  Sonja (Orc:2)
  An orc knight (Orc:2)
  An ugly thing (D:11)
  A manticore (D:11)
  An unseen horror (D:11)
  2 komodo dragons (Lair:1)
  A polar bear (Lair:1)
  2 trolls
  3 wargs (Orc:1)
  A black bear (Lair:1)
  5 orc warriors
  An ogre (Orc:2)
  A wolf (D:11)
  A gnoll sergeant (D:11)
  3 orc priests
  3 orc wizards
  6 orcs
  2 hobgoblin zombies (D:9)
  A kobold (D:11)
  2 orc zombies (D:9)
40 creatures vanquished.

Vanquished Creatures (others)
  An orc high priest (Orc:2)
  An orc knight (Orc:2)
  3 orc sorcerers (Orc:2)
  6 orc wizards
  7 orc warriors (Orc:2)
  7 orc priests
  An adder (D:3)
  28 orcs
54 creatures vanquished.

Grand Total: 373 creatures vanquished

Notes
Turn   | Place    | Note
-------+----------+-------------------------------------------
     0 | D:1      | LobsterGuardian the Hill Orc Monk began the quest for the
                  | Orb.
     0 | D:1      | Reached XP level 1. HP: 19/19 MP: 1/1
   159 | D:1      | Reached XP level 2. HP: 26/27 MP: 2/2
   417 | D:1      | Reached XP level 3. HP: 24/33 MP: 3/3
   549 | D:1      | Reached skill level 5 in Axes
  1005 | D:2      | Reached XP level 4. HP: 13/40 MP: 4/4
  1225 | D:2      | Found a faded altar of an unknown god.
  1260 | D:2      | Identified the +2 ring mail "Lugeq" {rPois}
  1384 | D:2      | Reached skill level 6 in Axes
  1399 | D:2      | Reached XP level 5. HP: 24/46 MP: 5/5
  2009 | D:3      | Became a worshipper of Beogh the Brigand
  2009 | D:3      | Reached * piety under Beogh
  2009 | D:3      | Reached ** piety under Beogh
  2056 | D:3      | Noticed Sigmund
  2062 | D:3      | Killed Sigmund
  2063 | D:3      | Reached skill level 7 in Axes
  2063 | D:3      | Reached skill level 1 in Stealth
  2063 | D:3      | Reached skill level 1 in Invocations
  2063 | D:3      | Reached XP level 6. HP: 45/53 MP: 2/6
  2300 | D:3      | Identified the +7 sling of Hibaz Ket {heavy, Drain rElec
                  | rC+ Str+3}
  2755 | D:4      | Reached skill level 8 in Axes
  2755 | D:4      | Reached skill level 1 in Armour
  2987 | D:4      | Reached XP level 7. HP: 60/60 MP: 8/8
  3415 | D:4      | Reached skill level 5 in Fighting
  3488 | D:4      | Found a shadowy altar of Dithmenos.
  3614 | D:4      | Found a burning altar of Makhleb.
  3617 | D:4      | Found a sparkling altar of Nemelex Xobeh.
  3618 | D:4      | Found a stormy altar of Qazlal.
  3619 | D:4      | Found a bloodstained altar of Trog.
  3857 | D:5      | Entered Level 5 of the Dungeon
  3868 | D:5      | Reached skill level 9 in Axes
  4290 | D:5      | Reached XP level 8. HP: 68/68 MP: 10/10
  4529 | D:5      | Found a basalt altar of Yredelemnul.
  4955 | D:6      | Reached skill level 10 in Axes
  5122 | D:6      | Found a staircase to the Ecumenical Temple.
  5144 | Temple   | Entered the Ecumenical Temple
  5236 | D:6      | Found a snail-covered altar of Cheibriados.
  5351 | D:6      | Noticed Edmund
  5371 | D:6      | Killed Edmund
  5559 | D:6      | Got the Elucidation of the Familiar and Damage
  5937 | D:6      | Reached *** piety under Beogh
  5938 | D:6      | Reached skill level 11 in Axes
  6091 | D:7      | Found an iron altar of Okawaru.
  6106 | D:7      | Reached XP level 9. HP: 68/75 MP: 12/12
  6152 | D:7      | Noticed GiantSquids's ghost (novice OpSh)
  6155 | D:7      | Found a runed translucent door.
  6179 | D:7      | Reached skill level 5 in Invocations
  6272 | D:7      | Found a shimmering altar of Xom.
  6392 | D:7      | Found an ancient bone altar of Kikubaaqudgha.
  6914 | D:8      | Reached skill level 12 in Axes
  7060 | D:8      | Reached skill level 5 in Armour
  7077 | D:8      | Reached skill level 13 in Axes
  7177 | D:8      | Noticed a two-headed ogre
  7187 | D:8      | Killed a two-headed ogre
  7188 | D:8      | Reached skill level 14 in Axes
  7188 | D:8      | Reached XP level 10. HP: 68/84 MP: 14/14
  7821 | D:8      | Found a hazy altar of Hepliaklqana.
  7981 | D:9      | Reached **** piety under Beogh
  8006 | D:9      | Noticed a two-headed ogre
  8016 | D:9      | Killed a two-headed ogre
  8016 | D:9      | Gained Bolgrim as an ally
  8124 | D:9      | Found a staircase to the Orcish Mines.
  8700 | D:9      | Found an opulent altar of Gozag.
  9371 | D:10     | Entered Level 10 of the Dungeon
  9495 | D:10     | Reached XP level 11. HP: 69/97 MP: 17/17
  9779 | D:10     | Noticed Snorg
  9789 | D:10     | Killed Snorg
  9999 | D:10     | Found a shimmering blue altar of Sif Muna.
 10201 | D:10     | Found a staircase to the Lair.
 10396 | D:11     | Noticed Erica
 10406 | D:11     | Killed Erica
 10407 | D:11     | Reached skill level 10 in Fighting
 10429 | D:11     | Noticed Josephine
 10440 | D:11     | Killed Josephine
 10443 | D:11     | Reached skill level 5 in Dodging
 10450 | D:11     | Gained Brunolf as an ally
 10496 | D:11     | Noticed Grum
 10510 | D:11     | Killed Grum
 10609 | D:11     | Noticed a white ugly thing
 10620 | D:11     | Killed a white ugly thing
 10621 | D:11     | Reached skill level 10 in Invocations
 10922 | D:11     | Noticed a two-headed ogre
 10935 | D:11     | Killed a two-headed ogre
 11120 | D:11     | Found a runed translucent door.
 11120 | D:11     | Noticed pokeman's ghost (journeyman DEHW)
 11346 | D:11     | Noticed a boulder beetle
 11350 | D:11     | Noticed a cyclops
 11359 | D:11     | Killed a boulder beetle
 11366 | D:11     | Killed a cyclops
 11367 | D:11     | Reached XP level 12. HP: 110/110 MP: 20/20
 11883 | Lair:1   | Entered Level 1 of the Lair of Beasts
 12066 | Orc:1    | Entered Level 1 of the Orcish Mines
 12423 | Orc:2    | Entered Level 2 of the Orcish Mines
 12423 | Orc:2    | Found a staircase to the Elven Halls.
 12441 | Orc:2    | Gained Bogward as an ally
 12668 | Orc:1    | Found a transporter.
 12672 | Orc:1    | Identified the +1 great mace of Gehenna {flame, rC+ Str+2
                  | SInv}
 12672 | Orc:1    | Noticed an ettin
 12672 | Orc:1    | Noticed Jyleaxt's ghost (journeyman AtFi)
 12673 | Orc:1    | Noticed a two-headed ogre
 12673 | Orc:1    | Noticed a two-headed ogre
 12673 | Orc:1    | Noticed a two-headed ogre
 12673 | Orc:1    | Noticed a two-headed ogre
 12677 | Orc:1    | Found a transporter.
 12788 | Orc:1    | Noticed a two-headed ogre
 12979 | Orc:2    | Noticed Sonja
 12979 | Orc:2    | Noticed a two-headed ogre
 12981 | Orc:2    | Killed Sonja
 12986 | Orc:2    | Killed a two-headed ogre
 12987 | Orc:2    | Reached skill level 10 in Armour
 13344 | Orc:2    | Noticed an orc high priest
 13347 | Orc:2    | Noticed an orc high priest
 13349 | Orc:2    | Noticed a sun demon
 13351 | Orc:2    | Noticed an orc high priest
 13357 | Orc:2    | Your ally Bolgrim died
 13358 | Orc:2    | Your ally Brunolf died
 13360 | Orc:2    | Noticed a soul eater
 13366 | Orc:2    | Your ally Bogward died
 13378 | Orc:2    | HP: 2/112 [sixfirhy[an orc high priest] (10)]
 13381 | Orc:2    | Slain by a sixfirhy

Illustrated notes

Levels and vault maps discovered:
D:1:      minmay_arrival_loop, layout_loops_ring, minmay_vboxes
D:2:      layout_basic, dreamdust_ecumenical_altar_statues, st_stairs_8,
          minmay_domino_2
D:3:      layout_loops_ring, nicolae_houndstooth_variations, uniq_sigmund
D:4:      minmay_skewed_foursquare, layout_loops_ring, general_overflow_altar,
          mainiacjoe_overflow_alcove_3
D:5:      layout_loops_corners, nicolae_overflow_crystal_walls,
          reono_crystal_passage
D:6:      layout_loops_cross, lemuel_tele_altar, temple_green, uniq_edmund
D:7:      layout_loops_ring, mainiacjoe_overflow_catch_the_wave,
          mainiacjoe_overflow_tiny_flanked, hellmonk_ghost_happy_afterlife
D:8:      layout_loops_cross, worldfamousw_hep_ancestral_shrine
D:9:      layout_basic, nicolae_gozag_seed_capital, zombieorc1_lemuel
D:10:     layout_basic, tgw_sif, lair_entry_dummy, chequers_mini_garden,
          uniq_snorg
D:11:     layout_irregular_city, hellmonk_ghost_big_iron, uniq_erica,
          uniq_josephine, uniq_grum
Temple:   hellmonk_temple_rainy
Lair:1:   dreamdust_isle_of_ice, layout_chaotic_city, beast_lair_carwin_9
Orc:1:    layout_caves, gammafunk_ghost_smash
Orc:2:    grunt_orc_tribal_feast, layout_caves, serial_shops,
          nicolae_shop_stone, roderic_batcave, uniq_sonja

Skill      XL: |  1  2  3  4  5  6  7  8  9 10 11 12 |
---------------+-------------------------------------+-----
Fighting       | 4 5 6 9 11 12 | 12.1
Axes           | 5 6 7 8 9 11 14 | 14.0
Stealth        | 1 |  1.0
Invocations    | 1 2 3 4 6 8 10 11 | 11.8
Armour         | 1 2 4 5 7 9 10 | 10.1
Dodging        | 3 4 5 |  5.7

Action                     |  1- 3 |  4- 6 |  7- 9 | 10-12 || total
---------------------------+-------+-------+-------+-------++-------
  Melee: Hand axe          |    93 |   180 |   257 |   472 ||  1002
 Invoke: Smiting           |       |     1 |     3 |    12 ||    16
         Convert to Beogh  |       |     1 |       |       ||     1
         Recall Orcish Fol |       |       |       |     6 ||     6
  Evoke: Wand              |       |       |     6 |     9 ||    15
    Use: Scroll            |     4 |     2 |     4 |    10 ||    20
         Potion            |       |     1 |     4 |     7 ||    12
   Stab: Distracted        |       |       |       |     7 ||     7
         Confused          |       |       |       |     6 ||     6
 Armour: Robe              |    19 |     3 |       |       ||    22
         Ring mail         |       |    50 |    81 |    44 ||   175
         Scale mail        |       |       |       |    76 ||    76
  Dodge: Dodged            |    63 |    91 |   120 |   158 ||   432
  Block: Orb               |       |       |    28 |    75 ||   103
         Reflection        |       |       |       |     1 ||     1

Table legend: (Time is in decaauts)
 A = Elapsed time spent in this place.
 B = Non-inter-level travel time spent in this place.
 C = Inter-level travel time spent in this place.
 D = Time resting spent in this place.
 E = Time spent auto-exploring this place.
 F = Levels seen in this place.
 G = Mean time per level.
                   A        B        C        D        E       F      G
               +--------+--------+--------+--------+--------+-----+--------+
         Total |  13196 |  12666 |    530 |    989 |   9923 |  15 |  879.7 |
       Dungeon |  11736 |  11294 |    442 |    896 |   8879 |  11 | 1066.9 |
        Temple |     56 |     53 |      3 |      0 |     51 |   1 |   56.0 |
          Lair |    102 |     96 |      6 |      0 |     68 |   1 |  102.0 |
  Orcish Mines |   1300 |   1222 |     78 |     93 |    924 |   2 |  650.0 |
               +--------+--------+--------+--------+--------+-----+--------+

Top non-repeatable levels by time:
    D:11: 1487 daAuts
     D:9: 1431 daAuts
     D:4: 1126 daAuts
     D:5: 1069 daAuts
    D:10: 1067 daAuts
     D:6: 1044 daAuts
     D:8: 998 daAuts
     D:1: 955 daAuts
     D:2: 885 daAuts
     D:3: 880 daAuts
     D:7: 791 daAuts
   Orc:1: 712 daAuts
   Orc:2: 588 daAuts
  Lair:1: 102 daAuts
  Temple: 56 daAuts
